 Dungeon Crawl Stone Soup version 0.29.0-4-gdea44cf6ec (webtiles) character file.

Game seed: 6707131110062458300

880 qw the Cleaver (level 8, -1/60 HPs)
             Began as a Formicid Cinder Acolyte on Sept 3, 2022.
             Was a High Priest of Ignis.
             Succumbed to a kobold brigand's curare-tipped dart
             ... in a sewer.
             The game lasted 00:02:55 (4811 turns).

qw the Cleaver (Formicid Cinder Acolyte)            Turns: 4811, Time: 00:02:56

Health: -1/60      AC: 20    Str: 21    XL:     8   Next: 25%
Magic:  9/9        EV:  8    Int: 14    God:    Ignis [*****.]
Gold:   186        SH:  0    Dex:  9    Spells: 9/9 levels left

rFire   + . .      SeeInvis +   Y - +0 hand axe (vamp)
rCold   . . .      Faith    .   (no shield)
rNeg    . . .      Spirit   .   a - +0 chain mail
rPois   .          Reflect  .   (helmet unavailable)
rElec   .          Harm     .   (no cloak)
rCorr   .          Rampage  .   d - +0 pair of gloves
Will    .....                   e - +2 pair of boots
Stlth   ..........              (no amulet)
HPRegen 0.20/turn               (no ring)
MPRegen 0.11/turn               (no ring)

@: lethally poisoned (-1 -> -9), fiery-armoured
A: permanent stasis, dig shafts and tunnels, antennae 3, four strong arms
a: Dig, Renounce Religion, Fiery Armour, Foxfire Swarm, Rising Flame


You were in a sewer.
You worshipped Ignis.
Ignis was extremely pleased with you.
You visited 1 branch of the dungeon, and saw 5 of its levels.
You also visited: Sewer.

You collected 377 gold pieces.
You spent 191 gold pieces at shops.


Innate Abilities, Weirdness & Mutations

You cannot be hasted, slowed, berserked, paralysed or teleported.
You can dig through walls and to a lower floor.
You have a pair of large antennae on your head. (SInv)
Your four strong arms can wield two-handed weapons with a shield.


   Skills:
 + Level 4.2 Fighting
 - Level 8.0 Axes
 - Level 2.0 Throwing
 - Level 3.0 Armour
 - Level 1.0 Dodging
 - Level 1.1 Spellcasting
 - Level 3.0 Fire Magic


You had 9 spell levels left.
You didn't know any spells.
Your spell library contained the following spells:

 Spells                   Type           Power      Damage    Failure   Level
 Scorch                   Fire           18%        2d6       73%         2

Inventory:

Hand Weapons
 l - a +0 whip
 Y - a +0 vampiric hand axe (weapon)
Missiles
 b - 5 boomerangs (quivered)
Armour
 a - a +0 chain mail (worn)
 d - a +0 pair of gloves (worn)
 e - a +2 pair of boots (worn)
Scrolls
 g - a scroll of identify
Potions
 c - a potion of might
 j - a potion of haste {unknown}
 k - a potion of berserk rage {unknown}
 m - a potion of curing {unknown}

Dungeon Overview and Level Annotations

Branches:
Dungeon (5/15)              Sewer (1/1)
 Temple: D:4-7

Altars:
Ashenzari
Cheibriados
Makhleb
Nemelex Xobeh
Sif Muna
Trog
Uskayaw
Vehumet
Wu Jian
Zin

Shops:
D:1 *:   D:3 [


Message History

The kobold brigand drinks a potion.
The kobold brigand seems to grow stronger.
The kobold brigand throws a curare-tipped dart.
The curare-tipped dart hits you.
You are poisoned.
You have difficulty breathing.
Your stasis prevents you from being slowed.
You feel very sick.
The kobold brigand throws a curare-tipped dart.
The curare-tipped dart hits you.
You are more poisoned.
You have difficulty breathing.
Your stasis prevents you from being slowed.
You feel very sick.
You slash the kobold brigand!
You feel better.
Your punch misses the kobold brigand.
The kobold brigand is moderately wounded.
You feel very sick.
The kobold brigand hits you but does no damage.
The kobold brigand is burned by your cloak of flames.
The kobold brigand is heavily wounded.
You closely miss the kobold brigand.
The kobold brigand is heavily wounded.
You feel very sick.
The kobold throws a stone.
The stone barely misses you.
The stone closely misses the kobold brigand.
The kobold brigand barely misses you.
You hit the kobold brigand. Your punch misses the kobold brigand.
The kobold brigand is severely wounded.
You feel very sick.
The kobold brigand hits you but does no damage.
You slash the kobold brigand!
You feel better.
You kill the kobold brigand!
You feel sick.
The kobold throws a stone.
The stone hits you.
Your Axes skill increases to level 8!
There is a lethal amount of poison in your body!
There is a lethal amount of poison in your body!
There is a lethal amount of poison in your body!
4811 ||| Stepping randomly (stuck).
You die...

~~~~~~~~~~~~~.#.~~# ..5#
~~~~~~~~~~~~~.#.~~# ..~#
~~~~~~~~~~~~~.#))~# .K.~#
~~~~~~~~~~~~..#)~~# '''##
~~~~~~~~~~~...#.~~# .....#
##~#~~###~#.####.###..¤...
............~~#%))#.....¤.
.......).).~~~~.).')¤._...
...........K~~#.@.#.....¤.
#~##~##~###.####.###..¤...
~~~~~~~~~~....#..~# {....#
~~~~~~~~~~~...#.~~# '''##
~~~~~~~~~~~~~.#..~# ..~
~~~~~~~~~~~~~.#.~~# {..~
~~~~~~~~~~~~~.#.~~#
~~~~~~~~~~~~~.+.~~#
###############


There were no monsters in sight!

Vanquished Creatures
  Grinder (Sewer)
  2 ogres (D:4)
  2 kobold brigands (Sewer)
  A scorpion (D:4)
  3 iron imps (D:3)
  2 iguanas
  4 gnolls
  5 adders
  A river rat (D:5)
  A white imp (D:4)
  3 ufetubi (Sewer)
  3 worms
  3 dart slugs
  4 orcs
  8 bats
  5 endoplasms
  5 giant cockroaches
  5 goblins
  5 hobgoblins
  3 quokkas
  9 ball pythons
  5 frilled lizards
  25 kobolds
  2 kobold zombies (Sewer)
  9 rats
116 creatures vanquished.

Vanquished Creatures (others)
  An endoplasm (Sewer)
1 creature vanquished.

Grand Total: 117 creatures vanquished

Notes
Turn   | Place    | Note
-------+----------+-------------------------------------------
     0 | D:1      | qw the Formicid Cinder Acolyte began the quest for the Orb.
     0 | D:1      | Reached XP level 1. HP: 18/18 MP: 2/2
     0 | D:1      | 0 ||| qw: Version: 0.1-a-102-g441f92d
     0 | D:1      | 0 ||| qw: Game counter: 5129
     0 | D:1      | 0 ||| qw: Always use a shield: true
     0 | D:1      | 0 ||| qw: God list: Okawaru
     0 | D:1      | 0 ||| qw: Allow faded altars: false
     0 | D:1      | 0 ||| qw: Do Orc after D:15 true
     0 | D:1      | 0 ||| qw: Do second Lair branch before Depths: true
     0 | D:1      | 0 ||| qw: Lair rune preference: random
     0 | D:1      | 0 ||| qw: Plans: Normal
     0 | D:1      | 0 ||| PLANNING D:1-11
     9 | D:1      | 9 ||| Stepping ~*~*~tactically~*~*~ (stealth).
    61 | D:1      | Found Xiuzeer's Book Boutique.
   206 | D:1      | Reached XP level 2. HP: 24/24 MP: 3/3
   208 | D:1      | 208 ||| Stepping ~*~*~tactically~*~*~ (stealth).
   717 | D:1      | Reached skill level 4 in Axes
   717 | D:1      | Reached XP level 3. HP: 26/29 MP: 4/4
   888 | D:1      | Found Ajaih's General Store.
   907 | D:1      | 907 ||| SHOPLISTING amulet of regeneration (390 gold, have
                  | 93).
   907 | D:1      | 907 ||| BUYING potion of heal wounds (65 gold).
   907 | D:1      | Bought a potion of heal wounds for 65 gold pieces
   907 | D:1      | 907 ||| SHOPLISTING potion of mutation (104 gold, have 28).
   907 | D:1      | 907 ||| SHOPLISTING scroll of enchant armour (97 gold, have
                  | 28).
  1234 | D:1      | 1234 ||| UPGRADING to +0 leather armour.
  1244 | D:1      | 1244 ||| DROPPING +0 robe.
  1245 | D:1      | 1245 ||| UPGRADING to +0 pair of boots.
  1250 | D:1      | 1250 ||| READING scroll labelled BAKKEA MABLUREK.
  1251 | D:1      | 1251 ||| READING scroll labelled LOWKOF UK ELES.
  1252 | D:1      | 1252 ||| READING scroll labelled USED NUOSIADUS.
  1277 | D:2      | 1277 ||| STAIRDANCE
  1300 | D:2      | 1300 ||| STAIRDANCE
  1356 | D:2      | Reached XP level 4. HP: 23/35 MP: 5/5
  1560 | D:2      | 1560 ||| FLEEEEING.
  1842 | D:2      | Reached skill level 5 in Axes
  2118 | D:2      | 2118 ||| Stepping ~*~*~tactically~*~*~ (stealth).
  2126 | D:2      | Reached skill level 1 in Dodging
  2335 | D:2      | 2335 ||| UPGRADING to +0 scale mail.
  2345 | D:2      | 2345 ||| DROPPING +0 leather armour.
  2346 | D:2      | 2346 ||| READING 3 scrolls labelled ERRESHR GELEEN.
  2347 | D:2      | 2347 ||| READING 2 scrolls of enchant armour.
  2347 | D:2      | 2347 ||| ENCHANTING +0 pair of boots.
  2348 | D:2      | 2348 ||| READING scroll of enchant armour.
  2348 | D:2      | 2348 ||| ENCHANTING +1 pair of boots.
  2349 | D:2      | 2349 ||| READING scroll labelled MAAJAO ODIGG.
  2350 | D:2      | 2350 ||| READING scroll labelled BYGOUCVITA.
  2351 | D:2      | 2351 ||| READING scroll labelled FEFRAUMASS.
  2368 | D:3      | 2368 ||| STAIRDANCE
  2372 | D:2      | Reached XP level 5. HP: 41/41 MP: 6/6
  2374 | D:2      | 2374 ||| UPGRADING to +0 chain mail.
  2384 | D:2      | 2384 ||| DROPPING +0 scale mail.
  2391 | D:3      | Found a sparkling altar of Nemelex Xobeh.
  2451 | D:3      | Found Kudov's Antique Armour Shop.
  2454 | D:3      | 2454 ||| Stepping ~*~*~tactically~*~*~ (hiding).
  2568 | D:3      | 2568 ||| BUYING pair of gloves (126 gold).
  2568 | D:3      | Bought a pair of gloves for 126 gold pieces
  2568 | D:3      | 2568 ||| SHOPLISTING shiny chain mail (210 gold, have 49).
  2568 | D:3      | 2568 ||| SHOPLISTING translucent chain mail (266 gold, have
                  | 49).
  2580 | D:3      | Found a shimmering blue altar of Sif Muna.
  2584 | D:3      | Found a hide-covered altar of Uskayaw.
  2584 | D:3      | Found a bloodstained altar of Trog.
  2596 | D:3      | 2596 ||| Stepping ~*~*~tactically~*~*~ (stealth).
  2597 | D:3      | 2597 ||| Stepping ~*~*~tactically~*~*~ (stealth).
  2675 | D:3      | Reached skill level 1 in Armour
  2690 | D:3      | 2690 ||| Stepping ~*~*~tactically~*~*~ (stealth).
  2826 | D:3      | 2826 ||| Stepping ~*~*~tactically~*~*~ (hiding).
  2848 | D:3      | Found a snail-covered altar of Cheibriados.
  2850 | D:3      | 2850 ||| Stepping ~*~*~tactically~*~*~ (water).
  2852 | D:3      | 2852 ||| Stepping ~*~*~tactically~*~*~ (water).
  2855 | D:3      | 2855 ||| Stepping ~*~*~tactically~*~*~ (water).
  2866 | D:3      | 2866 ||| Stepping ~*~*~tactically~*~*~ (water).
  2867 | D:3      | 2867 ||| Stepping ~*~*~tactically~*~*~ (hiding).
  2986 | D:3      | Identified the +4 dagger "Duablidgh" {vorpal, Will+}
  3030 | D:3      | Found a burning altar of Makhleb.
  3047 | D:3      | Reached skill level 1 in Throwing
  3053 | D:3      | 3053 ||| INVOKING Fiery Armour.
  3074 | D:3      | Reached XP level 6. HP: 14/47 MP: 7/7
  3331 | D:3      | Found a glowing silver altar of Zin.
  3536 | D:3      | Found an ornate altar of the Wu Jian Council.
  3556 | D:3      | 3556 ||| UPGRADING to +0 pair of gloves.
  3561 | D:3      | 3561 ||| READING scroll labelled JEATZEM XITUL.
  3562 | D:3      | 3562 ||| READING scroll labelled YLIUREAMION.
  3563 | D:3      | 3563 ||| READING 2 scrolls of identify.
  3563 | D:3      | 3563 ||| IDENTIFYING blue potion
  3590 | D:4      | 3590 ||| Stepping ~*~*~tactically~*~*~ (stealth).
  3598 | D:4      | 3598 ||| Stepping ~*~*~tactically~*~*~ (hiding).
  3603 | D:4      | Noticed an ogre
  3616 | D:4      | HP: 8/47 [ogre/+0 giant club (18)]
  3617 | D:4      | 3617 ||| DRINKING 2 potions of heal wounds.
  3618 | D:4      | 3618 ||| INVOKING Fiery Armour.
  3620 | D:4      | 3620 ||| DRINKING potion of heal wounds.
  3623 | D:4      | Killed an ogre
  3624 | D:4      | Reached skill level 6 in Axes
  3770 | D:4      | Noticed an ogre
  3776 | D:4      | Killed an ogre
  3777 | D:4      | Reached XP level 7. HP: 43/54 MP: 8/8
  3836 | D:4      | Found a radiant altar of Vehumet.
  3917 | D:4      | Found a broken altar of Ashenzari.
  4013 | D:4      | 4013 ||| Stepping ~*~*~tactically~*~*~ (stealth).
  4015 | D:4      | 4015 ||| Stepping ~*~*~tactically~*~*~ (stealth).
  4024 | D:4      | Reached skill level 3 in Armour
  4115 | D:4      | 4115 ||| Stepping ~*~*~tactically~*~*~ (hiding).
  4120 | D:4      | 4120 ||| Stepping ~*~*~tactically~*~*~ (hiding).
  4394 | D:4      | 4394 ||| READING scroll labelled KAUDID WIEMNUHY.
  4395 | D:4      | 4395 ||| READING scroll labelled SAUPUS UMEAKHLU.
  4415 | D:4      | 4415 ||| DROPPING +0 club.
  4416 | D:4      | 4416 ||| READING 2 scrolls of identify.
  4416 | D:4      | 4416 ||| IDENTIFYING murky white potion
  4417 | D:4      | 4417 ||| DROPPING potion of lignification.
  4420 | D:5      | Entered Level 5 of the Dungeon
  4421 | D:5      | 4421 ||| PLANNING SEWER
  4434 | D:5      | 4434 ||| STAIRDANCE
  4510 | D:5      | 4510 ||| Stepping ~*~*~tactically~*~*~ (stealth).
  4539 | D:5      | Found a glowing drain.
  4569 | Sewer    | Entered a sewer
  4666 | Sewer    | 4666 ||| Stepping ~*~*~tactically~*~*~ (stealth).
  4685 | Sewer    | Found a burning altar of Makhleb.
  4690 | Sewer    | 4690 ||| Stepping ~*~*~tactically~*~*~ (stealth).
  4694 | Sewer    | 4694 ||| Stepping ~*~*~tactically~*~*~ (stealth).
  4705 | Sewer    | Reached skill level 7 in Axes
  4720 | Sewer    | Noticed Grinder
  4721 | Sewer    | 4721 ||| Stepping ~*~*~tactically~*~*~ (stealth).
  4722 | Sewer    | 4722 ||| Stepping ~*~*~tactically~*~*~ (stealth).
  4725 | Sewer    | 4725 ||| Stepping ~*~*~tactically~*~*~ (stealth).
  4767 | Sewer    | 4767 ||| Stepping ~*~*~tactically~*~*~ (stealth).
  4788 | Sewer    | 4788 ||| INVOKING Fiery Armour.
  4793 | Sewer    | Killed Grinder
  4794 | Sewer    | Reached XP level 8. HP: 21/60 MP: 9/9
  4804 | Sewer    | HP: 15/60 [asphyx]
  4805 | Sewer    | HP: 7/60 [asphyx]
  4806 | Sewer    | HP: 1/60 [poisoned by a kobold brigand (curare-tipped
                  | dart)]
  4811 | Sewer    | Reached skill level 8 in Axes
  4811 | Sewer    | 4811 ||| Stepping randomly (stuck).
  4811 | Sewer    | Succumbed to a kobold brigand's curare-tipped dart

Levels and vault maps discovered:
D:1:      scummos_arrival_forest, layout_basic, serial_shops,
          nicolae_shop_crystal, shop_fountains
D:2:      layout_rooms, serial_aquarium, aquarium_bridge_island_large
          [aquarium_subvault_large_1_pool, aquarium_subvault_bridge,
          aquarium_subvault_balcony, aquarium_subvault_wall,
          aquarium_subvault_bridge], aquarium_window_1, aquarium_window_1,
          aquarium_window_fake, aquarium_window_double, aquarium_view_2c,
          aquarium_balcony_1a
D:3:      layout_rooms, pdpol_wu_jian_five_deadly_venoms, lemuel_tele_altar,
          kennysheep_slug_shrine, demons_altar,
          chequers_temple_overflow_statue_of_worship, zin_scriptorium,
          serial_shops, nicolae_shop_waterfront, grunt_decor_one_mirror
D:4:      layout_cave_pools, fiery_altar_vehumet, evilmike_ruin_ashenzari
D:5:      layout_cave_pods, nicolae_qazlal_general_emergency,
          minmay_temple_entry_wispy, portal_sewer_entry_b
Sewer:    kennysheep_sewer_church

Skill      XL: |  1  2  3  4  5  6  7  8 |
---------------+-------------------------+-----
Axes           | 4 5 6 7 8 |  8.0
Dodging        | 1 |  1.0
Armour         | 2 3 |  3.0
Throwing       | 1 2 |  2.0
Fighting       | 4 |  4.2
Spellcasting   | |  1.1
Fire Magic     | |  3.0

Action                   |  1- 3 |  4- 6 |  7- 9 || total
-------------------------+-------+-------+-------++-------
Melee: Hand axe          |   110 |   160 |   151 ||   421
       Punch             |     1 |     1 |     3 ||     5
Throw: Javelin           |       |     9 |    10 ||    19
       Boomerang         |       |       |    13 ||    13
Invok: Fiery Armour      |       |     2 |     1 ||     3
  Use: Scroll            |     3 |     9 |     3 ||    15
       Potion            |       |     2 |       ||     2
Armor: Robe              |    13 |       |       ||    13
       Leather armour    |    19 |    13 |       ||    32
       Scale mail        |       |     2 |       ||     2
       Chain mail        |       |    52 |    98 ||   150
Dodge: Dodged            |    78 |    71 |    76 ||   225

Table legend:
 A = Non-vault XP
 B = Vault XP
 C = Vault XP percentage of total XP
 D = Non-vault monster count
 E = Vault monster count
 F = Vault count percentage of total count
                 A         B        C        D         E       F
            +---------+---------+-------+---------+---------+-------
      Total |     640 |     618 |  49.1 |      79 |      37 |  31.9
            +---------+---------+-------+---------+---------+-------
        D:1 |      57 |       0 |   0.0 |      27 |       0 |   0.0
        D:2 |      82 |       0 |   0.0 |      21 |       0 |   0.0
        D:3 |      35 |     126 |  78.3 |      17 |       4 |  19.0
        D:4 |     416 |       0 |   0.0 |      12 |       0 |   0.0
        D:5 |      50 |      23 |  31.5 |       2 |       6 |  75.0
      Sewer |       0 |     469 | 100.0 |       0 |      27 | 100.0
            +---------+---------+-------+---------+---------+-------
